 Dungeon Crawl Stone Soup version 0.24.0-35-gdb84b6a5db (webtiles) character file.

Game seed: 2107954172273128074, levelgen mode: deterministic

50108 lepoulpe303 the Grappler (level 14, -2/131 HPs)
             Began as a Troll Hunter on Nov 16, 2019.
             Was the Champion of Hepliaklqana.
             Slain by an orc priest
             ... wielding a +0 trident
              (3 damage)
             ... while paralysed by an orc sorcerer
             ... on level 2 of the Orcish Mines on Nov 18, 2019.
             The game lasted 01:15:02 (17674 turns).

lepoulpe303 the Grappler (Troll Hunter)            Turns: 17674, Time: 01:15:03

Health: -2/131     AC: -2    Str: 26      XL:     14   Next: 18%
Magic:  18/18      EV:  1    Int:  5 (7)  God:    Hepliaklqana [******]
Gold:   1081       SH:  0    Dex: 11      Spells: 13/13 levels left

rFire    . . .     SeeInvis +     - Unarmed
rCold    . . .     Gourm    +   (no shield)
rNeg     . . .     Faith    .   S - +2 troll leather armour {regen}
rPois    .         Spirit   .   H - +0 hat {SInv} {sInv}
rElec    .         Reflect  .   o - scarf {repulsion}
rCorr    .         Harm     .   (gloves unavailable)
MR       +....                  (boots unavailable)
Stlth    ++........             y - amulet of rage
HPRegen  1.11/turn              z - ring of stealth {Stlth+}
MPRegen  0.16/turn              (no ring)

@: paralysed, corroded, slowed, drained, repel missiles
A: large, unfitting armour, reduced essence, antennae 2, claws 3, fast
metabolism 3, gourmand, regeneration 1, shaggy fur 1, tough skin 3, wild magic 1
a: Recall Ancestor, Ancestor Identity, Transference, Idealise, Renounce
Religion, Evoke Berserk Rage


You were on level 2 of the Orcish Mines.
You worshipped Hepliaklqana.
Hepliaklqana was exalted by your worship.
You were very full.

You visited 3 branches of the dungeon, and saw 18 of its levels.
You also visited: Sewer.

You collected 1243 gold pieces.
You spent 162 gold pieces at shops.

Inventory:

Missiles
 c - a large rock {!d}
 d - 5 throwing nets {=f}
 n - 13 silver boomerangs
 E - 29 poisoned darts (quivered)
 J - 12 atropa-tipped darts
 Q - 433 stones
Armour
 o - a scarf of repulsion (worn)
 H - a +0 hat of see invisible (worn) {sInv}
 K - a scarf of spirit shield
 S - a +2 troll leather armour (worn) {regen}
Jewellery
 y - an amulet of rage (around neck)
 z - a ring of stealth (left claw) {Stlth+}
 U - the amulet of Beauty {Spirit Fragile rN+ Str+4}
   (You found it on level 6 of the Lair of Beasts)

   [amulet of guardian spirit]

   It causes incoming damage to be split between your health and magic.
   It affects your strength (+4).
   It protects you from negative energy.
   It will be destroyed if unequipped.
Wands
 b - a wand of paralysis (1)
 A - a wand of flame (34)
 G - a wand of iceblast (9)
 M - a wand of polymorph (7)
Scrolls
 f - 2 scrolls of fog
 g - 6 scrolls of fear
 i - a scroll of identify
 j - 5 scrolls of magic mapping {!r}
 k - 4 scrolls of blinking {!r}
 t - 7 scrolls of teleportation
 v - a scroll of immolation {unknown}
 w - 7 scrolls of remove curse
 I - a scroll of vulnerability {unknown}
 O - a scroll of noise {unknown}
 P - 2 scrolls of summoning {unknown}
 T - a scroll of torment {unknown}
Potions
 l - 3 potions of heal wounds
 m - 2 potions of flight {unknown}
 p - a potion of berserk rage {unknown}
 q - 7 potions of curing
 r - 2 potions of magic {unknown}
 s - 2 potions of agility
 x - a potion of brilliance {unknown}
 B - 2 potions of cancellation
 C - a potion of haste {unknown}
 F - a potion of might {unknown}
 L - 2 potions of invisibility {unknown}
Miscellaneous
 a - a lightning rod (4/4)
 R - a lamp of fire
Comestibles
 e - 32 rations


   Skills:
 * Level 11.3(10.1) Fighting
 + Level 9.5(8.3) Throwing
 + Level 8.1(7.0) Dodging
 - Level 0.3(0.0) Stealth
 * Level 13.0(11.7) Unarmed Combat
 * Level 7.6(6.5) Invocations
 + Level 4.3(3.3) Evocations


You had 13 spell levels left.
You didn't know any spells.
Your spell library contained the following spells:

 Spells                   Type           Power        Failure   Level  Hunger
 Animate Skeleton         Necr           N/A          61%         1    ##.....
 Apportation              Tloc           #.....       61%         1    ##.....
 Confusing Touch          Hex            #.....       61%         1    ##.....
 Freeze                   Ice            #...         61%         1    ##.....
 Summon Small Mammal      Summ           #...         61%         1    ##.....
 Call Imp                 Summ           #.......     75%         2    ###....
 Throw Frost              Conj/Ice       #.....       75%         2    ###....
 Call Canine Familiar     Summ           #.......     92%         3    ####...
 Confuse                  Hex            #.......     92%         3    ####...
 Gell's Gravitas          Tloc           #.........   92%         3    ####...
 Ozocubu's Armour         Chrm/Ice       #.......     92%         3    ####...
 Recall                   Summ/Tloc      N/A          92%         3    ####...
 Summon Guardian Golem    Hex/Summ       #.......     92%         3    ####...
 Petrify                  Tmut/Erth      #.......     100%        4    #####..
 Summon Ice Beast         Ice/Summ       #.......     100%        4    #####..
 Summon Lightning Spire   Summ/Air       #.......     100%        4    #####..
 Throw Icicle             Conj/Ice       #.......     100%        4    #####..
 Aura of Abjuration       Summ           #.........   100%        5    ######.
 Metabolic Englaciation   Hex/Ice        #.........   100%        5    ######.
 Summon Demon             Summ           #.........   100%        5    ######.
 Summon Forest            Summ/Tloc      #.........   100%        5    ######.
 Summon Mana Viper        Hex/Summ       #.......     100%        5    ######.
 Yara's Violent Unravell  Hex/Tmut       #.........   100%        5    ######.
 Shadow Creatures         Summ           N/A          100%        6    #######


Dungeon Overview and Level Annotations

Branches:
Dungeon (10/15)            Temple (0/1) D:6            Lair (6/6) D:10
  Swamp (0/4) Lair:4        Snake (0/4) Lair:4        Slime (0/5) Lair:6
    Orc (2/2) D:10            Elf (0/3) Orc:2         Sewer (visited)

Altars:
Ashenzari
Dithmenos
Fedhas
Hepliaklqana
Okawaru
Qazlal
Sif Muna
Vehumet
Wu Jian
Zin
Beogh
Jiyva

Shops:
D:10 *   Orc:1 (

Annotations:
D:5 DIG!


Innate Abilities, Weirdness & Mutations

You are too large for most types of armour.
You have claws for hands.
Your metabolism is lightning-fast.
You like to eat raw meat.
Your natural rate of healing is unusually fast.
You are covered in fur. (AC +1)
You have extremely tough skin. (AC +3)
Your life essence is reduced to manifest your ancestor. (-10% HP)
You have a pair of antennae on your head.
Your spells are a little harder to cast, but a little more powerful.


Message History

The orc sorcerer casts a spell at you. You resist with some effort.
The ogre hits you with a cursed -2 giant spiked club!
* * * LOW HITPOINT WARNING * * *
The orc priest hits you from afar with a +0 trident.
* * * LOW HITPOINT WARNING * * *
The rust devil hits you!
* * * LOW HITPOINT WARNING * * *
The rust devil corrodes you!
The orc sorcerer hits you with a +0 dagger.
* * * LOW HITPOINT WARNING * * *
The orc sorcerer casts a spell at you.
The bolt of negative energy misses the rust devil.
The bolt of negative energy hits you!!
You feel drained.
* * * LOW HITPOINT WARNING * * *
The ogre hits you with a cursed -2 giant spiked club!!
* * * LOW HITPOINT WARNING * * *
The orc priest hits you from afar with a +0 trident.
You die...

o..Roo.((................
o....)...(....(..........
........................
.............o......#$..
....o...................
............()(.........
#.............))o.......
..............oO4.......
..............oo@...#..
...#..........).........
#.#...........).........
##...........(.##....$$.
#....................##.
##.......^.........(.(#
##.#....##.####.#.#.##
########### # ####


You could see a rust devil, 2 orc sorcerers, an orc warrior, an ogre, an orc
priest and an orc wizard.

Levels and vault maps discovered:
D:1:      sevenhm_arrival_forest_fort_small_6, layout_basic
D:2:      layout_loops_cross, lemuel_round_altar
D:3:      layout_rooms, vehumet_crystals, overflow_temple_1_default,
          uniq_jessica
D:4:      layout_basic, portal_sewer_entry_f, minmay_close_crescents
D:5:      lemuel_ice_spiral_2, layout_basic, grunt_qazlal_sundering,
          first_ration, basic_altar, uniq_edmund
D:6:      layout_loops_cross, minmay_temple_entry_nine_rooms,
          nicolae_dithmenos_shadow_blocks, uniq_blork_the_orc
D:7:      layout_basic, led_sif_book, amethyst_overflow_temple_binary
D:8:      layout_basic, fedhas_altar_2, uniq_gastronok, uniq_harold, uniq_psyche
D:9:      layout_big_octagon
D:10:     layout_long_grid, erik_lair_dragon, david_orc_5, serial_shops, shop,
          grunt_ogre_cave, minmay_fractal_squares_gapless_7
Lair:1:   layout_roguey, grunt_megastairs_1, lemuel_fruit_fields
Lair:2:   layout_cave_pods, beast_lair_carwin_3, grunt_megastairs_2
Lair:3:   layout_cave_pods
Lair:4:   layout_hall_layers, minmay_swamp_entry_eels,
          minmay_snake_entry_six_corridors, chequers_serial_rivers_marsh,
          lemuel_fruit_tree
Lair:5:   layout_misc_corridors, grunt_megastairs_4
Lair:6:   grunt_lair_end_beastmaster, layout_cave_shapes, slime_altar_1,
          serial_bayou_shore_b
Orc:1:    nicolae_orc_accident_1, layout_caves, serial_shops, shop,
          okawaru_metal_pillars_1_2
Orc:2:    st_orc_mages, layout_caves, gammafunk_ghost_wrathful_warriors

Notes
Turn   | Place    | Note
-------+----------+-------------------------------------------
     0 | D:1      | lepoulpe303 the Troll Hunter began the quest for the Orb.
     0 | D:1      | Reached XP level 1. HP: 19/19 MP: 0/0
   112 | D:1      | Identified a +0 club
   289 | D:1      | Reached XP level 2. HP: 28/28 MP: 1/1
   314 | D:1      | Identified a +0 dagger
   362 | D:1      | Identified a +0 club
   367 | D:1      | Identified a +0 club
   373 | D:1      | Reached skill level 1 in Unarmed Combat
   594 | D:1      | Reached skill level 2 in Fighting
  1029 | D:2      | Identified a scarf of repulsion (You found it on level 2 of
                  | the Dungeon)
  1067 | D:2      | Reached XP level 3. HP: 35/35 MP: 2/2
  1229 | D:2      | Identified a +0 dagger
  1262 | D:2      | Found a hazy altar of Hepliaklqana.
  1274 | D:2      | Reached skill level 2 in Dodging
  1287 | D:2      | Reached skill level 4 in Throwing
  1287 | D:2      | Reached XP level 4. HP: 44/44 MP: 3/3
  1423 | D:2      | Reached skill level 2 in Unarmed Combat
  1436 | D:2      | Identified a +0 short sword
  1509 | D:2      | Became a worshipper of Hepliaklqana the Forgotten
  1558 | D:3      | Identified a +0 club
  1569 | D:3      | Identified a +0 dagger
  1569 | D:3      | Identified a +0 robe
  1569 | D:3      | Noticed Jessica
  1595 | D:3      | Killed Jessica
  1623 | D:3      | Identified a +0 dagger
  1634 | D:3      | Found a radiant altar of Vehumet.
  1677 | D:3      | Identified a cursed +2 great sword
  1677 | D:3      | Identified a +0 robe
  1677 | D:3      | Identified a +1 dagger of freezing
  1677 | D:3      | Identified a +0 robe
  1678 | D:3      | Identified a +0 long sword
  1678 | D:3      | Identified a +0 robe
  1684 | D:3      | Reached XP level 5. HP: 46/46 MP: 4/4
  1705 | D:3      | Reached skill level 3 in Fighting
  1707 | D:3      | Reached skill level 3 in Unarmed Combat
  1798 | D:3      | Found an ornate altar of the Wu Jian Council.
  1800 | D:3      | Identified a +2 dagger of venom
  1902 | D:3      | Identified a +0 dagger
  1914 | D:3      | Reached XP level 6. HP: 54/54 MP: 5/5
  2163 | D:4      | Identified a +0 mace
  2164 | D:4      | Identified a cursed -3 mace
  2172 | D:4      | Identified a +0 giant spiked club
  2195 | D:4      | Identified a +0 club
  2195 | D:4      | Identified a +0 leather armour
  2195 | D:4      | Identified a cursed -2 club
  2195 | D:4      | Identified a +0 flail
  2197 | D:4      | Identified a +0 spear
  2198 | D:4      | Identified a +0 halberd
  2218 | D:4      | HP: 9/55 [gnoll/+0 halberd (11)]
  2278 | D:4      | Identified a +0 hand axe
  2342 | D:4      | Found a glowing drain.
  2357 | Sewer    | Entered a sewer
  2363 | Sewer    | Identified a +0 short sword
  2367 | Sewer    | Identified a +0 short sword
  2431 | Sewer    | Reached skill level 4 in Unarmed Combat
  2431 | Sewer    | Reached XP level 7. HP: 47/61 MP: 6/6
  2493 | Sewer    | Identified a +1 cloak (You found it in a sewer)
  2536 | D:4      | Reached skill level 4 in Fighting
  2893 | D:4      | Reached skill level 3 in Dodging
  3189 | D:5      | Entered Level 5 of the Dungeon
  3203 | D:5      | Identified a +0 trident
  3203 | D:5      | Identified a +0 scale mail
  3203 | D:5      | Identified a +0 short sword
  3204 | D:5      | Identified a +0 shortbow
  3250 | D:4      | Upgraded the game from 0.24.0-29-g8ce449bc06 to
                  | 0.24.0-35-gdb84b6a5db
  3265 | D:5      | Identified a +0 trident
  3316 | D:5      | Found a stormy altar of Qazlal.
  3358 | D:5      | Reached * piety under Hepliaklqana
  3436 | D:5      | Identified a +0 shortbow
  3439 | D:5      | Reached skill level 5 in Throwing
  3439 | D:5      | Reached skill level 5 in Unarmed Combat
  3439 | D:5      | Reached XP level 8. HP: 68/71 MP: 7/7
  3498 | D:5      | Reached skill level 5 in Fighting
  3719 | D:5      | Found an ornate altar of the Wu Jian Council.
  3821 | D:5      | Identified a +2 dire flail of holy wrath
  3821 | D:5      | Identified a +0 leather armour
  3821 | D:5      | Noticed Edmund
  3831 | D:5      | Killed Edmund
  3848 | D:5      | Identified a +0 club
  4296 | D:6      | Identified a +0 dagger
  4296 | D:6      | Identified a +0 robe
  4308 | D:6      | Reached skill level 6 in Unarmed Combat
  4311 | D:6      | Identified a +1 dagger of venom
  4311 | D:6      | Identified a +0 leather armour
  4312 | D:6      | Identified a +0 shortbow
  4312 | D:6      | Identified a +0 leather armour
  4357 | D:6      | Identified a +1 short sword of draining
  4357 | D:6      | Identified a +0 robe
  4357 | D:6      | Noticed Blork the orc
  4364 | D:6      | Killed Blork the orc
  4407 | D:6      | Reached skill level 4 in Dodging
  4408 | D:6      | Identified 5 scrolls of enchant weapon
  4409 | D:6      | Identified 4 scrolls of magic mapping
  4410 | D:6      | Identified 4 scrolls of teleportation
  4414 | D:6      | Found a shadowy altar of Dithmenos.
  4900 | D:6      | Noticed a hippogriff
  4909 | D:6      | Killed a hippogriff
  4909 | D:6      | Reached skill level 6 in Fighting
  4909 | D:6      | Reached XP level 9. HP: 64/80 MP: 8/8
  4958 | D:6      | Found a staircase to the Ecumenical Temple.
  5087 | D:7      | You fall into a shaft and drop 1 floor!
  5088 | D:8      | Identified a +0 flail
  5103 | D:8      | Identified a +0 war axe
  5103 | D:8      | Identified a +0 chain mail
  5104 | D:8      | Identified a +0 flail
  5104 | D:8      | Identified a +0 leather armour
  5104 | D:8      | Identified a +0 dagger
  5104 | D:8      | Identified a +0 robe
  5107 | D:8      | Identified a +0 flail
  5107 | D:8      | Identified a +0 leather armour
  5112 | D:8      | Reached skill level 7 in Unarmed Combat
  5117 | D:8      | Identified a +0 dagger
  5117 | D:8      | Identified a +0 robe
  5119 | D:8      | Identified a +0 short sword
  5119 | D:8      | Identified a +0 scale mail
  5147 | D:8      | HP: 16/80 [killer bee (7)]
  5149 | D:8      | Identified 4 potions of curing
  5149 | D:8      | HP: 7/80 [killer bee (9)]
  5250 | D:8      | Identified 4 scrolls of remove curse
  5251 | D:8      | Identified 3 scrolls of random uselessness
  5325 | D:8      | Reached ** piety under Hepliaklqana
  5326 | D:8      | Remembered your ancestor Tartempion as a hexer
  5326 | D:8      | Identified a +0 dagger of draining
  5361 | D:8      | Reached skill level 6 in Throwing
  5404 | D:7      | Identified a +0 flail
  5404 | D:7      | Identified a +0 ring mail
  5541 | D:7      | Identified a +0 club
  5541 | D:7      | Identified a +0 club
  5541 | D:7      | Identified a +0 leather armour
  5541 | D:7      | Identified a +0 mace
  5542 | D:7      | Identified a cursed -1 falchion
  5542 | D:7      | Identified a +0 leather armour
  5542 | D:7      | Identified a +0 club
  5652 | D:7      | Found a shimmering blue altar of Sif Muna.
  5659 | D:7      | Identified a +0 dagger
  5659 | D:7      | Identified a +0 robe
  5659 | D:7      | Identified a +0 dagger
  5659 | D:7      | Identified a +0 robe
  5685 | D:7      | Identified 3 scrolls of fear
  5686 | D:7      | Identified 2 scrolls of enchant armour
  5687 | D:7      | Identified 2 scrolls of identify
  5687 | D:7      | Identified an amulet of magic regeneration (You found it on
                  | level 3 of the Dungeon)
  5688 | D:7      | Identified an amulet of rage (You found it on level 4 of
                  | the Dungeon)
  5828 | D:7      | Found a shattered altar of Ashenzari.
  5842 | D:7      | Found a glowing silver altar of Zin.
  5939 | D:7      | Identified a +0 dagger
  6096 | D:8      | Identified a +0 hand axe
  6096 | D:8      | Identified a +0 robe
  6112 | D:8      | Identified a +0 battleaxe
  6112 | D:8      | Identified a +0 robe
  6121 | D:8      | Identified a cursed -2 long sword
  6121 | D:8      | Identified a +0 robe
  6157 | D:8      | Identified a +4 dagger of chaos
  6157 | D:8      | Identified a +0 robe
  6157 | D:8      | Noticed Psyche
  6158 | D:8      | Identified a +0 club
  6159 | D:8      | Killed Psyche
  6159 | D:8      | Identified a +0 trident
  6159 | D:8      | Identified a +0 mace
  6159 | D:8      | Identified a +0 chain mail
  6160 | D:8      | Identified a +0 glaive
  6160 | D:8      | Identified a +0 chain mail
  6173 | D:8      | Reached skill level 7 in Fighting
  6176 | D:8      | HP: 1/83 [orc warrior/+0 glaive (27)]
  6224 | D:8      | HP: 20/83 [orc warrior/boomerang (5)]
  6353 | D:8      | Reached skill level 8 in Unarmed Combat
  6388 | D:8      | Found a blossoming altar of Fedhas.
  6422 | D:8      | Reached skill level 5 in Dodging
  6505 | D:8      | Identified a +0 dagger of draining
  6573 | D:8      | Identified a cursed -1 club
  6573 | D:8      | Identified a +0 chain mail
  6573 | D:8      | Identified a cursed -3 hand axe
  6578 | D:8      | Identified a +0 dagger
  6578 | D:8      | Identified a +0 robe
  6625 | D:8      | Identified a +0 giant club
  6625 | D:8      | Identified a +0 giant club
  6625 | D:8      | Noticed a two-headed ogre
  6626 | D:8      | Identified a +0 battleaxe
  6626 | D:8      | Identified a +0 scale mail
  6626 | D:8      | Noticed Harold
  6627 | D:8      | Killed a two-headed ogre
  6627 | D:8      | Reached XP level 10. HP: 91/91 MP: 9/9
  6644 | D:8      | Killed Harold
  6704 | D:8      | Identified a +0 hat of see invisible
  6704 | D:8      | Noticed Gastronok
  6718 | D:8      | Killed Gastronok
  6718 | D:8      | Reached skill level 8 in Fighting
  6718 | D:8      | Reached skill level 7 in Throwing
  6718 | D:8      | Reached skill level 9 in Unarmed Combat
  6764 | D:8      | Identified a +0 dagger of draining
  6933 | D:9      | Reached *** piety under Hepliaklqana
  6970 | D:9      | Identified a +0 short sword
  6970 | D:9      | Identified a +0 club
  6971 | D:9      | Identified a +1 dagger of venom
  6972 | D:9      | Identified a +0 battleaxe
  6972 | D:9      | Identified a +0 plate armour
  6972 | D:9      | Identified a +0 whip
  6972 | D:9      | Identified a +0 ring mail
  6977 | D:9      | Identified a +0 club
  6977 | D:9      | Identified a cursed +0 leather armour
  6978 | D:9      | Identified a +0 dagger
  6979 | D:9      | Identified a +0 short sword
  6986 | D:9      | Identified a +0 dagger
  7076 | D:9      | Identified a +0 dagger
  7076 | D:9      | Identified a +0 robe
  7076 | D:9      | Identified a +0 long sword
  7076 | D:9      | Identified a +0 plate armour
  7079 | D:9      | Identified a +0 club
  7079 | D:9      | Identified a +0 ring mail
  7243 | D:9      | Identified a +0 giant club
  7318 | D:9      | Identified a +0 short sword
  7319 | D:9      | Identified a +0 dagger
  7598 | D:10     | Entered Level 10 of the Dungeon
  7655 | D:10     | Reached XP level 11. HP: 95/101 MP: 10/10
  7733 | D:10     | Reached skill level 6 in Dodging
  7735 | D:10     | Identified a +0 troll leather armour
  7766 | D:10     | Identified a +0 dagger of draining
  7990 | D:10     | Identified a +0 giant club
  7990 | D:10     | Identified a +0 giant club
  7990 | D:10     | Noticed a two-headed ogre
  8010 | D:10     | Killed a two-headed ogre
  8010 | D:10     | Reached skill level 10 in Unarmed Combat
  8030 | D:10     | Identified a +0 dagger of draining
  8101 | D:10     | Reached **** piety under Hepliaklqana
  8235 | D:10     | Identified a +1 short sword
  8260 | D:10     | Found a roughly hewn altar of Beogh.
  8260 | D:10     | Found a staircase to the Orcish Mines.
  8260 | D:10     | Identified a +0 hand axe
  8260 | D:10     | Identified a +0 battleaxe
  8260 | D:10     | Identified a +0 plate armour
  8260 | D:10     | Identified a +0 leather armour
  8260 | D:10     | Identified a +0 ring mail
  8260 | D:10     | Identified a +0 flail
  8260 | D:10     | Identified a +0 whip
  8261 | D:10     | Identified a +0 flail
  8280 | D:10     | Identified a +0 morningstar
  8283 | D:10     | Identified a cursed -2 dagger
  8283 | D:10     | Identified a +0 leather armour
  8284 | D:10     | Reached skill level 9 in Fighting
  8284 | D:10     | Identified a +0 mace
  8284 | D:10     | Identified a +0 leather armour
  8290 | D:10     | Identified a +0 war axe
  8290 | D:10     | Identified a +0 plate armour
  8290 | D:10     | Identified a +0 war axe
  8290 | D:10     | Identified a +0 chain mail
  8292 | D:10     | Identified a +1 short sword of venom
  8293 | D:10     | Identified a +0 short sword
  8293 | D:10     | Identified a +0 plate armour
  8296 | D:10     | Identified a cursed -1 battleaxe
  8296 | D:10     | Identified a +0 chain mail
  8296 | D:10     | Identified a +0 short sword
  8296 | D:10     | Identified a +0 ring mail
  8297 | D:10     | Identified a +0 club
  8297 | D:10     | Identified a +0 leather armour
  8311 | D:10     | Identified a +0 scimitar
  8311 | D:10     | Identified a cursed -1 plate armour
  8311 | D:10     | Identified a +0 flail
  8311 | D:10     | Identified a +0 leather armour
  8311 | D:10     | Identified a +0 morningstar
  8311 | D:10     | Identified a +0 scale mail
  8315 | D:10     | Identified a +0 great sword
  8315 | D:10     | Identified a +0 plate armour
  8315 | D:10     | Noticed an orc knight
  8321 | D:10     | Identified a +0 giant spiked club
  8321 | D:10     | Identified a +0 great mace
  8321 | D:10     | Noticed a two-headed ogre
  8327 | D:10     | Identified a +0 halberd
  8327 | D:10     | Identified a cursed +0 chain mail
  8327 | D:10     | Identified a +0 war axe
  8327 | D:10     | Identified a +0 trident
  8327 | D:10     | Identified a +0 trident
  8327 | D:10     | Identified a +0 leather armour
  8343 | D:10     | Identified a cursed -3 whip
  8343 | D:10     | Identified a +0 leather armour
  8347 | D:10     | Killed an orc knight
  8365 | D:10     | Identified a +0 giant club
  8374 | D:10     | HP: 24/103 [ogre/+0 giant club[a boggart] (5)]
  8386 | D:10     | Identified a +0 dagger of draining
  8456 | D:10     | Found Wirol's General Store.
  8464 | D:10     | Bought a scroll of blinking for 90 gold pieces
  8464 | D:10     | Bought a scroll of teleportation for 36 gold pieces
  8464 | D:10     | Bought a scroll of teleportation for 36 gold pieces
  8735 | D:10     | Found a staircase to the Lair.
  8791 | D:10     | Identified 4 potions of degeneration
  8792 | D:10     | Identified 3 potions of mutation
  8799 | D:10     | Gained mutation: You are resistant to hostile enchantments.
                  | (MR+) [potion of mutation]
  8799 | D:10     | Gained mutation: Your flesh is heat resistant. (rF+)
                  | [potion of mutation]
  8799 | D:10     | Gained mutation: Armour fits poorly on your strangely
                  | shaped body. [potion of mutation]
  8799 | D:10     | Gained mutation: Your mind is acute. (Int +2) [potion of
                  | mutation]
  8800 | D:10     | Lost mutation: Your flesh is heat resistant. (rF+) [potion
                  | of mutation]
  8800 | D:10     | Lost mutation: You are resistant to hostile enchantments.
                  | (MR+) [potion of mutation]
  8800 | D:10     | Lost mutation: Your mind is acute. (Int +2) [potion of
                  | mutation]
  8800 | D:10     | Lost mutation: Armour fits poorly on your strangely shaped
                  | body. [potion of mutation]
  8800 | D:10     | Gained mutation: You have a pair of small antennae on your
                  | head. [potion of mutation]
  8800 | D:10     | Gained mutation: Your spells are a little harder to cast,
                  | but a little more powerful. [potion of mutation]
  8800 | D:10     | Gained mutation: You have a pair of antennae on your head.
                  | [potion of mutation]
  8804 | Lair:1   | Entered Level 1 of the Lair of Beasts
  8830 | Lair:1   | Reached skill level 1 in Invocations
  8993 | Lair:1   | Found the +9 sword of Zonguldrok {reap}
  9005 | Lair:1   | Reached skill level 1 in Evocations
  9028 | Lair:1   | Reached skill level 2 in Invocations
  9130 | Lair:1   | Reached skill level 8 in Throwing
  9294 | Lair:1   | HP: 22/103 [blink frog (14)]
  9295 | Lair:1   | Identified a +0 dagger of draining
  9455 | Lair:1   | Reached ***** piety under Hepliaklqana
  9515 | Lair:1   | Identified 2 potions of cancellation
  9625 | Lair:2   | Reached skill level 3 in Invocations
  9652 | Lair:2   | Reached XP level 12. HP: 111/111 MP: 13/13
  9659 | Lair:2   | Reached skill level 11 in Unarmed Combat
  9972 | Lair:2   | Reached skill level 2 in Evocations
 10849 | Lair:3   | Reached skill level 4 in Invocations
 10850 | Lair:3   | Reached skill level 7 in Dodging
 10855 | Lair:3   | Identified a +0 dagger of draining
 11171 | Lair:3   | Reached skill level 10 in Fighting
 11694 | Lair:4   | Found a staircase to the Snake Pit.
 11777 | Lair:4   | Noticed an eight-headed hydra
 11785 | Lair:4   | HP: 21/113 [eight-headed hydra (8)]
 11786 | Lair:4   | HP: 9/113 [eight-headed hydra (8)]
 11787 | Lair:4   | Killed an eight-headed hydra
 11791 | Lair:4   | HP: 11/113 [poisoned by a water moccasin]
 11797 | Lair:4   | HP: 13/113 [poisoned by a water moccasin]
 11804 | Lair:4   | HP: 17/113 [poisoned by a water moccasin]
 11811 | Lair:4   | HP: 23/113 [poisoned by a water moccasin]
 12058 | Lair:4   | Reached ****** piety under Hepliaklqana
 12196 | Lair:4   | Found a staircase to the Swamp.
 12253 | Lair:4   | Identified a +0 dagger of draining
 12370 | Lair:4   | Reached skill level 5 in Invocations
 12394 | Lair:4   | Identified a +0 dagger of draining
 13131 | Lair:5   | Reached skill level 3 in Evocations
 13469 | Lair:5   | Identified a ring of stealth (You found it on level 5 of
                  | the Lair of Beasts)
 13470 | Lair:5   | Identified 2 potions of agility
 13484 | Lair:6   | Entered Level 6 of the Lair of Beasts
 13513 | Lair:5   | HP: 28/114 [polar bear (3)]
 13519 | Lair:5   | HP: 19/171 [polar bear (11)]
 13544 | Lair:5   | Reached XP level 13. HP: 42/121 MP: 16/16
 13734 | Lair:6   | Found a viscous altar of Jiyva.
 13734 | Lair:6   | Found a staircase to the Slime Pits.
 13749 | Lair:6   | Identified a scarf of spirit shield (You found it on level
                  | 6 of the Lair of Beasts)
 13775 | Lair:6   | Identified a +0 dagger of draining
 13823 | Lair:6   | Reached skill level 12 in Unarmed Combat
 13962 | Lair:6   | Identified a +0 dagger of draining
 13999 | Lair:6   | Reached skill level 6 in Invocations
 14091 | Lair:6   | Reached skill level 9 in Throwing
 14454 | Lair:6   | Identified a +0 dagger of draining
 14743 | Lair:6   | Identified a +0 dagger of draining
 14916 | Lair:6   | Reached skill level 11 in Fighting
 15049 | Lair:6   | HP: 24/123 [death yak (16)]
 15082 | Lair:6   | Identified a +0 dagger of draining
 15167 | Lair:6   | Reached skill level 7 in Invocations
 15354 | Lair:6   | Reached skill level 4 in Evocations
 15395 | Lair:6   | Identified a +0 dagger of draining
 15493 | Lair:6   | Reached skill level 8 in Dodging
 15588 | Lair:6   | HP: 29/123 [deep troll shaman (14)]
 15590 | Lair:6   | Identified a +0 troll leather armour
 15687 | Lair:6   | Noticed a dire elephant
 15702 | Lair:6   | Killed a dire elephant
 15702 | Lair:6   | Reached XP level 14. HP: 78/131 MP: 18/18
 15798 | Lair:6   | Got a smoking pewter amulet
 15893 | Lair:6   | Identified the amulet of Beauty {Spirit Fragile rN+ Str+4}
                  | (You found it on level 6 of the Lair of Beasts)
 15894 | Lair:6   | Identified an amulet of the gourmand (You found it on level
                  | 6 of the Lair of Beasts)
 16084 | D:10     | Identified 3 scrolls of fog
 16085 | D:10     | Identified 3 scrolls of amnesia
 16162 | Orc:1    | Entered Level 1 of the Orcish Mines
 16176 | Orc:1    | Found an iron altar of Okawaru.
 16198 | Orc:1    | Identified a +0 club
 16198 | Orc:1    | Identified a +0 scale mail
 16200 | Orc:1    | Identified a +0 short sword
 16200 | Orc:1    | Identified a +0 chain mail
 16200 | Orc:1    | Identified a +0 trident
 16200 | Orc:1    | Identified a +0 plate armour
 16201 | Orc:1    | Identified a +0 flail of venom
 16201 | Orc:1    | Identified a +0 giant spiked club
 16204 | Orc:1    | Identified a +0 flail
 16204 | Orc:1    | Identified a +0 ring mail
 16204 | Orc:1    | Identified a +3 hand axe
 16207 | Orc:1    | Identified a +0 leather armour
 16209 | Orc:1    | Identified a cursed -2 scimitar
 16209 | Orc:1    | Identified a +0 plate armour
 16210 | Orc:1    | Identified a +0 dagger of electrocution
 16210 | Orc:1    | Identified a +0 robe
 16210 | Orc:1    | Identified a +0 whip
 16210 | Orc:1    | Identified a +0 ring mail
 16210 | Orc:1    | Identified a +1 short sword of draining
 16210 | Orc:1    | Identified a +0 ring mail
 16211 | Orc:1    | Identified a +0 hand axe
 16211 | Orc:1    | Identified a +0 ring mail
 16214 | Orc:1    | Identified a +0 short sword
 16387 | Orc:1    | Identified a +0 club
 16387 | Orc:1    | Identified a +0 ring mail
 16388 | Orc:1    | Identified a +0 dagger
 16388 | Orc:1    | Identified a +2 leather armour of fire resistance
 16390 | Orc:1    | Identified a +0 club
 16391 | Orc:1    | Identified a +0 scimitar
 16391 | Orc:1    | Identified a +0 plate armour
 16392 | Orc:1    | Identified a +0 flail
 16392 | Orc:1    | Identified a +0 leather armour
 16393 | Orc:1    | Found Ihumat's Antique Weapon Shoppe.
 16518 | Orc:1    | Identified a +0 flail
 16525 | Orc:1    | Identified a +0 dagger
 16525 | Orc:1    | Identified a cursed +0 ring mail
 16538 | Orc:1    | Identified a +0 scale mail
 16692 | Orc:1    | Identified a +0 halberd
 16692 | Orc:1    | Identified a +0 chain mail
 16735 | Orc:1    | Identified a +0 trident
 16736 | Orc:1    | Identified a +0 mace
 16737 | Orc:1    | Identified a +0 morningstar
 16738 | Orc:1    | Identified a +0 glaive
 16738 | Orc:1    | Identified a +0 plate armour
 16829 | Orc:1    | Identified a +0 giant club
 16829 | Orc:1    | Identified a +0 scimitar
 16829 | Orc:1    | Identified a +0 plate armour
 16829 | Orc:1    | Identified a +0 flail
 16829 | Orc:1    | Identified a +0 chain mail
 16829 | Orc:1    | Identified a +0 battleaxe
 16829 | Orc:1    | Identified a cursed +0 chain mail
 16830 | Orc:1    | Identified a cursed -2 dagger
 16830 | Orc:1    | Identified a +0 robe
 16830 | Orc:1    | Identified a +0 short sword
 16830 | Orc:1    | Identified a +0 leather armour
 16831 | Orc:1    | Identified a +0 great sword
 16831 | Orc:1    | Identified a +1 chain mail of cold resistance
 16831 | Orc:1    | Noticed an orc warlord
 16883 | Orc:1    | Identified a +0 dagger of draining
 16933 | Orc:1    | Identified a +0 dagger
 16933 | Orc:1    | Identified a +0 robe
 16936 | Orc:1    | Identified a +0 mace
 16936 | Orc:1    | Identified a +0 chain mail of magic resistance
 16939 | Orc:1    | Killed an orc warlord
 16967 | Orc:1    | Identified a +0 short sword
 16967 | Orc:1    | Identified a +0 leather armour
 17012 | Orc:1    | Identified a +0 long sword
 17012 | Orc:1    | Identified a +0 plate armour
 17012 | Orc:1    | Identified a +0 flail
 17014 | Orc:1    | Identified a +0 club
 17014 | Orc:1    | Identified a +0 ring mail
 17015 | Orc:1    | Identified a cursed -1 hand axe
 17080 | Orc:1    | Identified a +0 short sword
 17080 | Orc:1    | Identified a +0 chain mail
 17082 | Orc:1    | Identified a +0 short sword
 17082 | Orc:1    | Identified a +0 plate armour
 17085 | Orc:1    | Identified a +0 giant club
 17089 | Orc:1    | Identified a +0 short sword
 17089 | Orc:1    | Identified a +0 plate armour
 17095 | Orc:1    | Identified a cursed +0 war axe
 17095 | Orc:1    | Identified a +0 plate armour
 17323 | Orc:2    | Entered Level 2 of the Orcish Mines
 17323 | Orc:2    | Found a staircase to the Elven Halls.
 17323 | Orc:2    | Identified a +0 glaive
 17323 | Orc:2    | Identified a +0 plate armour
 17323 | Orc:2    | Identified a +1 dagger of speed
 17324 | Orc:2    | Identified a +0 dagger
 17325 | Orc:2    | Identified a +0 whip
 17326 | Orc:2    | Identified a +0 dagger
 17326 | Orc:2    | Identified a cursed -2 chain mail
 17390 | Orc:2    | Identified a +0 flail
 17397 | Orc:2    | Identified a cursed +0 dagger
 17397 | Orc:2    | Identified a +1 robe of fire resistance
 17422 | Orc:2    | Identified a +0 short sword
 17422 | Orc:2    | Identified a +0 chain mail
 17422 | Orc:2    | Identified a +0 trident
 17422 | Orc:2    | Identified a cursed -3 club
 17422 | Orc:2    | Identified a +0 scale mail
 17427 | Orc:2    | Identified a +0 dagger
 17427 | Orc:2    | Identified a +0 robe
 17429 | Orc:2    | Identified a +0 dagger
 17429 | Orc:2    | Identified a +0 robe
 17429 | Orc:2    | Identified a +0 dagger
 17429 | Orc:2    | Identified a +0 robe
 17429 | Orc:2    | Identified a +0 club
 17429 | Orc:2    | Identified a +0 scale mail
 17429 | Orc:2    | Identified a +0 dagger
 17429 | Orc:2    | Identified a cursed +0 robe
 17429 | Orc:2    | Identified a +0 dagger
 17429 | Orc:2    | Identified a cursed +0 robe
 17429 | Orc:2    | Identified a +0 dagger of pain
 17429 | Orc:2    | Identified a +0 robe
 17431 | Orc:2    | Identified a +0 dagger
 17431 | Orc:2    | Identified a +0 robe
 17434 | Orc:2    | Identified a +0 morningstar
 17439 | Orc:2    | Identified a +0 hand axe
 17439 | Orc:2    | Identified a +0 plate armour
 17439 | Orc:2    | Identified a +0 trident
 17440 | Orc:2    | Identified a +0 trident
 17440 | Orc:2    | Identified a +0 plate armour
 17441 | Orc:2    | Identified a +0 dagger of holy wrath
 17441 | Orc:2    | Identified a +0 robe
 17443 | Orc:2    | Identified a +0 short sword
 17448 | Orc:2    | Identified a +0 war axe
 17448 | Orc:2    | Identified a +0 plate armour
 17448 | Orc:2    | Identified a +0 hand axe
 17448 | Orc:2    | Identified a +0 plate armour
 17448 | Orc:2    | Identified a +0 dagger
 17448 | Orc:2    | Identified a +0 leather armour
 17448 | Orc:2    | Identified a +0 dagger
 17448 | Orc:2    | Identified a +0 robe
 17451 | Orc:2    | Identified a +0 dagger
 17451 | Orc:2    | Identified a +0 robe
 17533 | Orc:2    | Identified a +0 falchion
 17533 | Orc:2    | Identified a +0 leather armour
 17538 | Orc:2    | Identified a +0 dagger
 17538 | Orc:2    | Identified a +0 robe
 17540 | Orc:2    | Identified a +0 short sword
 17540 | Orc:2    | Identified a +0 chain mail
 17545 | Orc:2    | Identified a cursed -2 giant spiked club
 17666 | Orc:2    | Identified a +0 dagger
 17666 | Orc:2    | Identified a +2 robe of positive energy
 17667 | Orc:2    | Reached skill level 13 in Unarmed Combat
 17671 | Orc:2    | Paralysed by an orc sorcerer for 7 turns
 17674 | Orc:2    | HP: 24/131 [orc sorcerer/bolt of negative energy (23)]
 17674 | Orc:2    | HP: 1/131 [ogre/cursed -2 giant spiked club (23)]
 17674 | Orc:2    | Slain by an orc priest

Table legend:
 A = Turns spent in this place as a percentage of turns spent in the entire game.
 B = Non-inter-level travel turns spent in this place as a percentage of non-inter-level travel turns spent in the entire game.
 C = Inter-level travel turns spent in this place as a percentage of turns spent in this place.
 D = Turns resting spent in this place as a percentage of non-inter-level travel turns spent in this place.
 E = Turns spent auto-exploring this place as a percentage of non-inter-level travel turns spent in this place.
 F = Non-inter-level travel turns spent in this place divided by the number of levels of this place that you've seen.
                   A       B       C       D       E      F
               +-------+-------+-------+-------+-------+----------------------
         Total | 100.0 | 100.0 |   5.1 |  10.6 |  64.9 | 882.7
       Dungeon |  49.6 |  49.6 |   5.1 |   6.3 |  70.8 | 831.9
          Lair |  40.8 |  41.2 |   4.4 |  15.5 |  60.3 | 1150.5
  Orcish Mines |   8.6 |   8.2 |   9.3 |  11.7 |  55.0 | 686.0
         Sewer |   1.0 |   1.1 |   0.0 |  12.9 |  39.3 | 178.0
               +-------+-------+-------+-------+-------+----------------------

Table legend:
 A = Kills in this place as a percentage of kills in entire the game.
 B = Kills by you in this place as a percentage of kills by you in the entire game.
 C = Kills by friends in this place as a percentage of kills by friends in the entire game.
 D = Other kills in this place as a percentage of other kills in the entire game.
 E = Experience gained in this place as a percentage of experience gained in the entire game.
 F = Experience gained in this place divided by the number of levels of this place that you have seen.
                   A       B       C       D       E      F
               +-------+-------+-------+-------+-------+----------------------
         Total | 100.0 | 100.0 | 100.0 | 100.0 | 100.0 | 3767.6
       Dungeon |  52.0 |  53.3 |  44.4 |   0.0 |  22.6 | 1615.4
          Lair |  32.8 |  33.5 |  29.2 |   0.0 |  67.6 | 8064.7
  Orcish Mines |  14.0 |  12.3 |  23.6 | 100.0 |   9.7 | 3466.0
         Sewer |   1.2 |   0.9 |   2.8 |   0.0 |   0.2 | 110.0
               +-------+-------+-------+-------+-------+----------------------

Skill      XL: |  1  2  3  4  5  6  7  8  9 10 11 12 13 14 |
---------------+-------------------------------------------+-----
Unarmed Combat | 1 2 3 4 5 6 8 9 10 11 12 13 | 13.0
Fighting       | 2 3 4 6 7 8 9 10 11 | 11.3
Dodging        | 2 3 4 5 6 7 8 |  8.1
Throwing       | 4 5 6 7 8 9 |  9.5
Invocations    | 3 5 7 |  7.6
Evocations     | 1 3 4 |  4.3
Stealth        | |  0.3

Action                   |  1- 3 |  4- 6 |  7- 9 | 10-12 | 13-15 || total
-------------------------+-------+-------+-------+-------+-------++-------
Melee: Unarmed           |    45 |   108 |   257 |   500 |   348 ||  1258
       Punch             |       |       |    12 |    25 |    30 ||    67
Throw: Stone             |    30 |       |    32 |       |     4 ||    66
       Large rock        |     2 |       |    11 |    18 |     9 ||    40
       Boomerang         |    23 |    30 |    73 |   142 |    13 ||   281
       Dart              |       |       |    13 |   102 |   153 ||   268
Invok: Ancestor Identity |       |     1 |       |       |       ||     1
       Recall Ancestor   |       |       |     1 |       |       ||     1
       Ancestor Life: He |       |       |     1 |       |       ||     1
 Abil: Evoke Berserk Rag |       |       |       |     2 |     2 ||     4
Evoke: Wand              |       |       |       |     5 |    12 ||    17
       Lightning rod     |       |       |       |     2 |       ||     2
  Use: Scroll            |       |       |    10 |     5 |     8 ||    23
       Potion            |       |       |     2 |     3 |       ||     5
 Stab: Distracted        |       |       |     2 |     6 |     6 ||    14
       Confused          |       |       |     1 |     9 |     6 ||    16
       Sleeping          |       |       |       |     1 |       ||     1
       Paralysed         |       |       |       |       |     6 ||     6
  Eat: Chunk             |    17 |    11 |    38 |    66 |    43 ||   175
Armor: Robe              |    10 |    40 |    59 |     9 |       ||   118
       Troll leather arm |       |       |       |    97 |    68 ||   165
Dodge: Dodged            |    19 |    67 |   126 |   203 |   171 ||   586
       Deflected         |       |       |    11 |       |     2 ||    13

Vanquished Creatures
  Gastronok (D:8)
  An orc warlord (Orc:1)
  A dire elephant (Lair:6)
  Harold (D:8)
  2 catoblepae
  2 two-headed ogres
  A hydra (Lair:4)
  A deep troll shaman (Lair:6)
  8 death yaks
  An orc knight (D:10)
  2 orc sorcerers (Orc:2)
  3 elephants (Lair:6)
  4 black mambas
  Psyche (D:8)
  5 spiny frogs
  3 rime drakes
  9 komodo dragons
  A troll (D:10)
  2 polar bears (Lair:5)
  7 hippogriffs
  11 dream sheep (Lair:6)
  25 blink frogs
  3 wyverns
  28 yaks
  A hungry ghost (D:10)
  4 wargs
  Edmund (D:5)
  8 water moccasins
  3 black bears
  18 orc warriors
  4 porcupines
  A sky beast (D:7)
  4 ogres
  2 phantoms (D:5)
  A swamp drake (D:10)
  A necrophage (D:10)
  3 boggarts (D:10)
  2 centaurs
  7 wolves
  10 crocodiles
  2 big kobolds (D:9)
  Blork the orc (D:6)
  11 bullfrogs
  A wyvern zombie (D:7)
  A wyvern skeleton (D:10)
  2 scorpions
  5 killer bees (D:8)
  A hornet simulacrum (D:10)
  5 electric eels (Lair:4)
  6 wights
  2 crimson imps
  A howler monkey (D:5)
  2 quasits
  A centaur zombie (D:10)
  3 hounds
  A jelly (D:10)
  12 orc priests
  13 orc wizards
  A bullfrog skeleton (D:7)
  3 centaur skeletons
  A gnoll shaman (D:4)
  Jessica (D:3)
  2 hexers
  2 iguanas
  8 worker ants
  3 hound skeletons
  5 gnolls (D:4)
  2 howler monkey skeletons
  20 adders
  An adder zombie (D:7)
  2 adder skeletons
  4 worms
  2 dart slugs
  9 leopard geckos
  60 orcs
  7 giant cockroaches
  7 goblins
  7 hobgoblins
  10 jackals
  11 kobolds
  5 quokkas
  3 ball pythons
  2 bats
  3 frilled lizards
  A quokka skeleton (D:5)
  6 rats
  A butterfly (Lair:1)
  A plant (Lair:6)
453 creatures vanquished.

Vanquished Creatures (collateral kills)
  2 death yaks (Lair:6)
  An elephant (Lair:6)
  A spiny frog (Lair:2)
  A komodo dragon (Lair:2)
  A polar bear (Lair:6)
  4 blink frogs
  5 dream sheep (Lair:6)
  4 water moccasins
  2 phantoms (D:9)
  5 orc warriors
  An ogre (Orc:1)
  A wolf (Lair:6)
  A centaur (D:4)
  2 bullfrogs
  A killer bee (D:8)
  7 orc priests
  A hound (D:8)
  2 orc wizards (Orc:2)
  2 centaur skeletons
  A worker ant (D:5)
  A howler monkey skeleton (D:4)
  An adder (D:4)
  A shadow imp (D:9)
  An adder zombie (D:7)
  A dart slug (D:4)
  2 leopard geckos
  10 orcs
  A giant cockroach (D:4)
  2 jackals
  3 kobolds
  A quokka (D:10)
  A bat (D:3)
  A frilled lizard (D:4)
  A rat (D:3)
72 creatures vanquished.

Vanquished Creatures (others)
  An orc wizard (Orc:2)
  15 hexers
  4 ancestors
  5 fungi
  A plant (Lair:6)
26 creatures vanquished.

Grand Total: 551 creatures vanquished
